 Dungeon Crawl Stone Soup version 0.29-a0-330-g52719c12eb (webtiles) character file.

Game seed: 2473956490879741507

76 Lethiferous the Skirmisher (level 4, -4/40 HPs)
             Began as a Hill Orc Fighter on Apr 13, 2022.
             Was an Initiate of Yredelemnul.
             Slain by Crazy Yiuf
             ... wielding a +4 quarterstaff of chaos
              (5 damage)
             ... on level 2 of the Dungeon.
             The game lasted 00:18:06 (1792 turns).

Lethiferous the Skirmisher (Hill Orc Fighter)       Turns: 1792, Time: 00:18:09

Health: -4/40      AC: 11    Str: 20    XL:     4   Next: 32%
Magic:  4/4        EV:  7    Int:  8    God:    Yredelemnul [......]
Gold:   101        SH:  4    Dex: 10    Spells: 3/3 levels left

rFire   . . .      SeeInvis .   A - +2 long sword (vorpal)
rCold   . . .      Faith    .   c - +0 buckler
rNeg    . . .      Spirit   .   x - +0 chain mail
rPois   +          Reflect  .   (no helmet)
rElec   .          Harm     .   (no cloak)
rCorr   .          Rampage  .   p - +1 pair of gloves
Will    .....                   (no boots)
Stlth   ..........              (no amulet)
HPRegen 0.13/turn               l - ring of poison resistance
MPRegen 0.09/turn               (no ring)

@: mighty, weak-willed
A: no striking features
a: Renounce Religion, Recall Undead Harvest


You were on level 2 of the Dungeon.
You worshipped Yredelemnul.
Yredelemnul was noncommittal.
You visited 1 branch of the dungeon, and saw 2 of its levels.

You collected 101 gold pieces.

Inventory:

Hand Weapons
 a - a +0 war axe
 i - a +0 whip
 n - a +0 short sword
 o - a +0 hunting sling
 t - a +0 short sword
 z - a +0 club
 A - a +2 vorpal long sword (weapon)
Missiles
 j - 24 stones
 C - 6 poisoned darts (quivered)
Armour
 b - a +0 scale mail
 c - a +0 buckler (worn)
 p - a +1 pair of gloves (worn)
 q - a +0 ring mail
 x - a +0 chain mail (worn)
Jewellery
 l - a ring of poison resistance (left hand)
Scrolls
 y - a scroll of identify {unknown}
 B - a scroll of teleportation {unknown}
 D - a scroll of fear {unknown}
Potions
 d - a potion of might
 e - 2 potions of attraction {unknown}
 f - a potion of mutation {unknown}
 h - a potion of heal wounds {unknown}
 k - a potion of degeneration {unknown}
 m - a potion of curing {unknown}
 s - a potion of lignification {unknown}
 w - a potion of resistance {unknown}


   Skills:
 + Level 4.2 Fighting
 + Level 4.0 Axes
 + Level 4.0 Armour
 + Level 0.4 Dodging
 + Level 3.6 Shields


You had 3 spell levels left.
You didn't know any spells.
Your spell library was empty.

Dungeon Overview and Level Annotations

Branches:
Dungeon (2/15)

Altars:
Yredelemnul

Annotations:
D:2 Crazy Yiuf


Message History

Your bat zombie hits Crazy Yiuf but does no damage.
Crazy Yiuf hits your bat zombie with a +4 quarterstaff of chaos!
Your bat zombie is destroyed!
You swap places.
Crazy Yiuf screams, "Aardvark!
Cake song forty-two."
Your ball python zombie bites Crazy Yiuf but does no damage.
Your ball python zombie grabs Crazy Yiuf.
Your ball python zombie constricts Crazy Yiuf.
You swap places.
Crazy Yiuf barely misses your ball python zombie.
Your ball python zombie bites Crazy Yiuf.
Your ball python zombie constricts Crazy Yiuf.
You swap places.
You open the door.
As you read the scroll labelled ACOBUDWIUPN, it crumbles to dust.
It is a scroll of enchant weapon.
Your +1 vorpal long sword glows red for a moment.
As you read the scroll labelled BYHIL PYSK, it crumbles to dust.
You hear a loud clanging noise!
It was a scroll of noise.
As you read the scroll labelled MEDEAF ENAG, it crumbles to dust.
Magic quickly surges around you.
It was a scroll of vulnerability.
Crazy Yiuf attacks as you move away!
Crazy Yiuf hits you with a +4 quarterstaff of chaos.
Crazy Yiuf burns you.
Crazy Yiuf screams, "Scoff!"
An adder comes into view.
As you read the scroll labelled XEN ZUDEEFEJE, it crumbles to dust.
You feel aware of your surroundings.
It was a scroll of magic mapping.
Crazy Yiuf hits you with a +4 quarterstaff of chaos.
You feel very mighty all of a sudden.
You closely miss Crazy Yiuf.
Crazy Yiuf is lightly wounded.
Crazy Yiuf hits you with a +4 quarterstaff of chaos!
* * * LOW HITPOINT WARNING * * *
Crazy Yiuf burns you.
* * * LOW HITPOINT WARNING * * *
Crazy Yiuf hits you with a +4 quarterstaff of chaos.
You die...
Your body rises from the dead as a mindless zombie.

####♣♣ **###
##.+..♣♣ ♣♣#..)#
#......♣♣♣♣g'...#
####.......♣.Z♣#...#
#.....'...♣.♣♣♣**###
#....###♣♣♣♣♣
#..g.## #..@..##
######### #....#.#
#.<...... #....#.#
#........ #......##
#........ #####...#
#........
#...##########..
##..S.# ###
###..####### ****
#........#


You could see Crazy Yiuf (weak-willed) and an adder.

Vanquished Creatures
  2 adders (D:2)
  2 dart slugs (D:1)
  5 ball pythons
  3 endoplasms
  3 goblins
  4 hobgoblins
  A quokka (D:2)
  7 bats
  2 frilled lizards (D:1)
  4 kobolds (D:1)
  3 rats
36 creatures vanquished.

Vanquished Creatures (collateral kills)
  A worm (D:2)
  4 bats (D:2)
  A giant cockroach (D:2)
  3 goblins (D:2)
  3 ball pythons (D:2)
  A kobold (D:2)
  2 rats (D:2)
15 creatures vanquished.

Vanquished Creatures (others)
  4 bat zombies (D:2)
  5 ball python zombies (D:2)
  2 giant cockroach zombies (D:2)
  A quokka zombie (D:2)
  A rat zombie (D:2)
13 creatures vanquished.

Grand Total: 64 creatures vanquished

Notes
Turn   | Place    | Note
-------+----------+-------------------------------------------
     0 | D:1      | Lethiferous the Hill Orc Fighter began the quest for the
                  | Orb.
     0 | D:1      | Reached XP level 1. HP: 19/19 MP: 1/1
   395 | D:1      | Reached XP level 2. HP: 27/27 MP: 2/2
   910 | D:1      | Reached XP level 3. HP: 31/33 MP: 3/3
  1183 | D:2      | Found a faded altar of an unknown god.
  1221 | D:2      | Prayed at the altar of an unknown god.
  1221 | D:2      | Became a worshipper of Yredelemnul the Dark
  1221 | D:2      | Reached * piety under Yredelemnul
  1261 | D:2      | Reached XP level 4. HP: 40/40 MP: 4/4
  1486 | D:2      | Reached ** piety under Yredelemnul
  1768 | D:2      | Found a runed translucent door.
  1769 | D:2      | Noticed Crazy Yiuf
  1792 | D:2      | HP: 1/40 [Crazy Yiuf/+4 quarterstaff of chaos (5)]
  1792 | D:2      | Slain by Crazy Yiuf

Illustrated notes

Levels and vault maps discovered:
D:1:      giann_horns, layout_basic
D:2:      layout_rooms, dreamdust_ecumenical_altar_statues, minmay_heptomino_d4,
          uniq_crazy_yiuf_cottage

Skill      XL: |  1  2  3  4 |
---------------+-------------+-----
Axes           | 3 4 |  4.0
Fighting       | 4 |  4.2
Armour         | 4 |  4.0
Dodging        | |  0.4
Shields        | |  3.6

Action                   |  1- 3 |  4- 6 || total
-------------------------+-------+-------++-------
Melee: War axe           |    83 |     5 ||    88
       Long sword        |       |    23 ||    23
  Use: Scroll            |       |     4 ||     4
Armor: Scale mail        |    10 |       ||    10
       Ring mail         |    33 |       ||    33
       Chain mail        |       |    29 ||    29
Dodge: Dodged            |    56 |    20 ||    76
Block: Buckler           |    18 |    13 ||    31

Table legend: (Time is in decaauts)
 A = Elapsed time spent in this place.
 B = Non-inter-level travel time spent in this place.
 C = Inter-level travel time spent in this place.
 D = Time resting spent in this place.
 E = Time spent auto-exploring this place.
 F = Levels seen in this place.
 G = Mean time per level.
                   A        B        C        D        E       F      G
               +--------+--------+--------+--------+--------+-----+--------+
         Total |   1832 |   1813 |     19 |    353 |    866 |   2 |  916.0 |
       Dungeon |   1832 |   1813 |     19 |    353 |    866 |   2 |  916.0 |
               +--------+--------+--------+--------+--------+-----+--------+

Top non-repeatable levels by time:
     D:1: 1167 daAuts
     D:2: 665 daAuts
